 Dungeon Crawl Stone Soup version 0.29.1-15-g9cfb28693d (webtiles) character file.

Game seed: 616189184271455091

28 vishdafish the Conjurer (level 3, 24/24 HPs)
             Began as a Demonspawn Conjurer on Mar 29, 2023.
             Quit the game on level 2 of the Dungeon.
             The game lasted 00:01:51 (1405 turns).

vishdafish the Conjurer (Demonspawn Conjurer)       Turns: 1405, Time: 00:01:52

Health: 24/24      AC:  4    Str:  7    XL:     3   Next: 0%
Magic:  6/6        EV: 12    Int: 21    God:
Gold:   44         SH:  0    Dex: 11    Spells: 6/7 levels left

rFire   . . .      SeeInvis .   j - +0 whip
rCold   . . .      Faith    .   (no shield)
rNeg    . . .      Spirit   .   a - +0 robe
rPois   .          Reflect  .   (no helmet)
rElec   .          Harm     .   (no cloak)
rCorr   .          Rampage  .   (no gloves)
Will    .....                   (no boots)
Stlth   ++........              (no amulet)
HPRegen 0.08/turn               (no ring)
MPRegen 0.10/turn               (no ring)

@: no status effects
A: yellow scales 1, ignite blood 1
a: no special abilities


You were on level 2 of the Dungeon.
You visited 1 branch of the dungeon, and saw 2 of its levels.

You collected 44 gold pieces.

Inventory:

Hand Weapons
 j - a +0 whip (weapon)
Armour
 a - a +0 robe (worn)
Jewellery
 c - an amulet of faith
Scrolls
 b - a scroll of fear {unknown}
 d - 2 scrolls of teleportation {unknown}
 e - a scroll of noise {unknown}
 f - a scroll of blinking {unknown}
 g - 2 scrolls of acquirement {unknown}
 i - 2 scrolls of identify {unknown}
 l - a scroll of immolation {unknown}
 m - a scroll of torment {unknown}
 p - a scroll of amnesia {unknown}
Potions
 h - a potion of degeneration {unknown}
 k - a potion of might {unknown}
 n - a potion of curing {unknown}
 o - 2 potions of attraction {unknown}


   Skills:
 - Level 1.9 Dodging
 - Level 2.0 Stealth
 + Level 2.5 Spellcasting
 + Level 4.4 Conjurations


You had 6 spell levels left.
You knew the following spells:

 Your Spells              Type           Power      Damage    Failure   Level
a - Magic Dart            Conj           84%        1d7       2%          1

Your spell library contained the following spells:

 Spells                   Type           Power      Damage    Failure   Level
 Searing Ray              Conj           42%        2d6       3%          2
 Dazzling Flash           Conj/Hex       24%        N/A       17%         3
 Fulminant Prism          Conj/Hex       6%         3d7       50%         4
 Iskenderun's Mystic Bla  Conj/Tloc      12%        2d5       50%         4


Dungeon Overview and Level Annotations

Branches:
Dungeon (2/15)

Altars:


Innate Abilities, Weirdness & Mutations

You are partially covered in yellow scales. (AC +2)
Your demonic aura sometimes causes spilled blood to erupt in flames.


Message History

A goblin is nearby!
A goblin is nearby!
The magic dart hits the goblin.
You kill the goblin!
You can't see any susceptible monsters within range! (Use Z to cast anyway.)
You can't see any susceptible monsters within range! (Use Z to cast anyway.)
You see here a +0 club.
Done exploring.
Done exploring.
Done exploring.
You can't see any susceptible monsters within range! (Use Z to cast anyway.)
You can't see any susceptible monsters within range! (Use Z to cast anyway.)
You see here a +0 club.
(D) Dungeon
Where to? (Enter - D:1 @ (x,y), ? - help)
There is a stone staircase leading down here.
You climb downwards.
There is a stone staircase leading up here.
There is a stone staircase leading up here.
You open the door.
An endoplasm comes into view.
The endoplasm quivers.
An endoplasm is nearby!
An endoplasm is nearby!
The magic dart hits the endoplasm.
The endoplasm is heavily wounded.
The magic dart hits the endoplasm.
You kill the endoplasm!
You have reached level 3!
Your experience leads to an increase in your attributes!
Increase (S)trength, (I)ntelligence, or (D)exterity?
You feel clever. x2; Your demonic ancestry asserts itself...
Your blood heats up.
Magic restored.
There is an open door here.
You now have 44 gold pieces (gained 9).
You open the door.
Found an escape hatch in the floor.
There is an open door here.
Are you sure you want to abandon this character and quit the game? (Confirm with "yes".)

#...........#.###
#...........'...#
#...........#.#.#
##...........#.#.#
.......#######.#.#
.......#######.#.###
.......+.......#<..#+##
.......###......#.....#
######.# #......@.....#
#.# #......#.....# #.#
#......#.....# #.#
#......#.....# #.#
#......#.....#
#.###......#.....#
#.........##.....#
########### ?..>.#


There were no monsters in sight!

Vanquished Creatures
  A ball python (D:1)
  2 endoplasms
  4 goblins (D:1)
  2 hobgoblins (D:1)
  3 kobolds (D:1)
  10 bats (D:1)
  A frilled lizard (D:1)
  4 rats (D:1)
27 creatures vanquished.

Notes
Turn   | Place    | Note
-------+----------+-------------------------------------------
     0 | D:1      | vishdafish the Demonspawn Conjurer began the quest for the
                  | Orb.
     0 | D:1      | Reached XP level 1. HP: 13/13 MP: 3/3
   252 | D:1      | Gained mutation: You are partially covered in yellow
                  | scales. (AC +2) [demonic ancestry]
   252 | D:1      | Reached XP level 2. HP: 8/19 MP: 1/5
  1160 | D:1      | Found a faded altar of an unknown god.
  1346 | D:2      | Gained mutation: Your demonic aura sometimes causes spilled
                  | blood to erupt in flames. [demonic ancestry]
  1346 | D:2      | Reached XP level 3. HP: 24/24 MP: 3/6
  1405 | D:2      | Quit the game

Illustrated notes

Levels and vault maps discovered:
D:1:      dpeg_arrival_boxes_within_box, layout_loops_ring,
          basic_ecumenical_altar
D:2:      layout_basic, basic_altar, minmay_octomino_e4

Skill      XL: |  1 |
---------------+----+-----
Stealth        | 2 |  2.0
Dodging        | |  1.9
Spellcasting   | |  2.5
Conjurations   | |  4.4

Action                   || total
-------------------------++-------
Melee: Unarmed           ||    39
       Whip              ||     5
 Cast: Magic Dart        ||    43
  Use: Potion            ||     1
Armor: Robe              ||    49
Dodge: Dodged            ||    68
